 Dungeon Crawl Stone Soup version 0.30.1-11-g7821555f0a (webtiles) character file.

Game seed: 8265521300581153308

1890 safid the Frost Mage (level 9, -1/71 HPs)
             Began as a Merfolk Ice Elementalist on Nov 9, 2023.
             Slain by a wraith (3 damage)
             ... on level 5 of the Dungeon on Nov 13, 2023.
             The game lasted 00:11:05 (6106 turns).

safid the Frost Mage (Merfolk Ice Elementalist)     Turns: 6106, Time: 00:11:06

Health: -1/71      AC:  3    Str:  8    XL:     9   Next: 15%
Magic:  0/17       EV: 15    Int: 18    God:
Gold:   330        SH:  0    Dex: 17    Spells: 10/19 levels left

rFire   x . .        j - +2 spear (freeze)
rCold   . . .        (no shield)
rNeg    . . .        a - +0 robe
rPois   .            (no helmet)
rElec   .            (no cloak)
rCorr   .            y - +0 pair of gloves
SInv    +            (no boots)
Will    +....        l - amulet of guardian spirit
Stlth   +++          o - ring of willpower
HPRegen 0.31/turn    q - ring of see invisible
MPRegen 0.15/turn

%: guardian spirit
@: slowed, very slow
A: (nimble swimmer 2), mertail, thin skeletal structure 1, heat vulnerability 1
a: no special abilities


You were on level 5 of the Dungeon.
You visited 1 branch of the dungeon, and saw 5 of its levels.

You collected 330 gold pieces.

Inventory:

Hand Weapons
 j - a +2 spear of freezing (weapon)
Missiles
 n - 3 throwing nets
Armour
 a - a +0 robe (worn)
 y - a +0 pair of gloves (worn)
Jewellery
 l - an amulet of guardian spirit (around neck)
 o - a ring of willpower (left hand)
 q - a ring of see invisible (right hand)
 x - an amulet of magic regeneration
Scrolls
 c - 3 scrolls of blinking {unknown}
 k - 3 scrolls of vulnerability {unknown}
 m - 2 scrolls of teleportation
 p - a scroll of amnesia {unknown}
 s - 2 scrolls of poison {unknown}
 t - 2 scrolls of identify {unknown}
 u - 2 scrolls of fog {unknown}
 w - a scroll of torment {unknown}
 z - a scroll of magic mapping {unknown}
 A - a scroll of enchant armour {unknown}
Potions
 b - 2 potions of magic
 d - 3 potions of mutation
 e - a potion of heal wounds
 f - a potion of berserk rage {unknown}
 g - 2 potions of cancellation {unknown}
 h - 3 potions of haste {unknown}
 i - 4 potions of curing {unknown}
 r - a potion of attraction {unknown}
 v - 3 potions of lignification {unknown}


   Skills:
 + Level 6.5 Fighting
 + Level 6.7 Dodging
 - Level 2.1 Stealth
 + Level 5.9 Spellcasting
 + Level 0.1 Translocations
 + Level 8.0 Ice Magic


You had 10 spell levels left.
You knew the following spells:

 Your Spells              Type           Power      Damage    Failure   Level
a - Freeze                Ice            100%       1d10      1%          1
b - Frozen Ramparts       Ice            68%        1d11      1%          3
c - Ozocubu's Armour      Ice            34%        N/A       1%          3
d - Blink                 Tloc           10%        N/A       17%         2

Your spell library contained the following spells:

 Spells                   Type           Power      Damage    Failure   Level
 Sting                    Tmut/Pois      20%        1d4       12%         1
 Lesser Beckoning         Tloc           10%        N/A       17%         2
 Momentum Strike          Conj/Tloc      10%        3d8       19%         2
 Poisonous Vapours        Pois/Air       10%        N/A       19%         2
 Summon Ice Beast         Ice/Summ       19%        N/A       22%         4
 Olgreb's Toxic Radiance  Pois           5%         N/A       77%         4


Dungeon Overview and Level Annotations

Branches:
Dungeon (5/15)
 Temple: D:4-7

Altars:
Wu Jian

Shops:
D:1 *   D:3 =


Innate Abilities, Weirdness & Mutations

((You are very nimble when in or above water. (Stealth+, EV+, Speed+++)))
Your lower body shifts to a powerful aquatic tail in water.
You have a somewhat thin skeletal structure. (Dex +2, Stealth+)
You are vulnerable to heat. (rF-)


Message History

Unknown command.
You hit the wraith but do no damage.
The wraith is almost destroyed.
The wraith closely misses you.
You barely miss the wraith.
The wraith is almost destroyed.
The wraith hits you.
* * * LOW HITPOINT WARNING * * *
The wraith drains your vigour!
You feel as though you will be slow longer.
The wraith hits you.
* * * LOW HITPOINT WARNING * * *
The wraith drains your vigour!
You feel as though you will be slow longer.
You feel much better. The wraith barely misses you.
The wraith hits you but does no damage.
Unknown command.
You closely miss the wraith.
The wraith is almost destroyed.
The wraith misses you.
You closely miss the wraith.
The wraith is almost destroyed.
The wraith hits you. The wraith drains your vigour!
You feel as though you will be slow longer.
The wraith closely misses you.
You hit the wraith but do no damage.
The wraith is almost destroyed.
The wraith closely misses you.
You barely miss the wraith.
The wraith is almost destroyed.
The wraith hits you!
* * * LOW HITPOINT WARNING * * *
The wraith hits you!
* * * LOW HITPOINT WARNING * * *
You hit the wraith but do no damage.
The wraith is severely damaged.
The wraith hits you!
* * * LOW HITPOINT WARNING * * *
The wraith hits you.
You die...

## #...#...#...#...#...# #
#..#...#...#...#...### #
##.#...#...#...#...#..#
###...................#.#
....###..##.#...###...._....#
..### ##..#....## ##.##.###..
..## #......### ### .# ...##
#...###..## ## ....## #..##
##.@## ..# .....###.#
##.W##.... .........##
###........
#.........####..........
..................#.....
.................####...
...........(....## ##.
.##.......#####.# ###.......#
#.#


You could see a wraith.

Vanquished Creatures
  An unseen horror (D:5)
  3 water moccasins (D:5)
  An ice beast (D:5)
  A black bear (D:3)
  3 ogres
  A centaur (D:5)
  2 scorpions
  7 hounds
  A jelly (D:5)
  Natasha (thrice) (D:3)
  4 iguanas (D:5)
  4 adders
  11 gnolls
  A shadow imp (D:4)
  A white imp (D:3)
  3 ufetubi (D:5)
  A worm (D:2)
  5 dart slugs
  3 orcs (D:5)
  4 ball pythons
  6 bats
  9 endoplasms
  A giant cockroach (D:2)
  3 goblins
  4 hobgoblins
  A quokka (D:3)
  5 frilled lizards
  4 kobolds
  6 rats
99 creatures vanquished.

Notes
Turn   | Place    | Note
-------+----------+-------------------------------------------
     0 | D:1      | safid the Merfolk Ice Elementalist began the quest for the
                  | Orb.
     0 | D:1      | Reached XP level 1. HP: 13/13 MP: 3/3
   183 | D:1      | Reached XP level 2. HP: 12/20 MP: 0/5
   193 | D:1      | Reached skill level 1 in Fighting
   398 | D:1      | Found Bebiob's General Store.
  1032 | D:2      | Reached XP level 3. HP: 23/26 MP: 6/6
  1036 | D:2      | Learned a level 3 spell: Frozen Ramparts
  2057 | D:3      | Reached skill level 5 in Ice Magic
  2057 | D:3      | Reached XP level 4. HP: 19/33 MP: 8/8
  2134 | D:3      | Learned a level 3 spell: Ozocubu's Armour
  2479 | D:3      | Reached XP level 5. HP: 25/39 MP: 2/9
  2611 | D:3      | Noticed Natasha
  2619 | D:3      | Killed Natasha
  2680 | D:3      | Found a faded altar of an unknown god.
  2736 | D:3      | Noticed Natasha
  2749 | D:3      | Killed Natasha
  2754 | D:3      | Identified the +2 scale mail of the Eight Boll Weevils
                  | {rPois Int+2}
  2881 | D:3      | Found Waxkew's Jewellery Shop.
  3026 | D:3      | Noticed Natasha
  3038 | D:3      | Killed Natasha
  3039 | D:3      | Reached XP level 6. HP: 40/47 MP: 11/11
  3162 | D:3      | Noticed a black bear
  3170 | D:3      | Killed a black bear
  3171 | D:3      | Reached skill level 6 in Ice Magic
  3756 | D:4      | Reached XP level 7. HP: 39/54 MP: 3/13
  4291 | D:5      | Entered Level 5 of the Dungeon
  4343 | D:5      | Reached skill level 5 in Fighting
  4343 | D:5      | Reached XP level 8. HP: 37/62 MP: 2/15
  4483 | D:5      | Noticed an unseen horror
  4507 | D:5      | Killed an unseen horror
  4508 | D:5      | Reached skill level 5 in Dodging
  4508 | D:5      | Reached skill level 5 in Spellcasting
  4508 | D:5      | Reached skill level 7 in Ice Magic
  4653 | D:5      | Identified the +2 quarterstaff "Korhuih" {heavy, rF- rN+
                  | MP-9 Dex+7}
  5181 | D:5      | Reached XP level 9. HP: 70/70 MP: 11/17
  5238 | D:5      | Found an ornate altar of the Wu Jian Council.
  5311 | D:5      | Reached skill level 8 in Ice Magic
  5702 | D:5      | Learned a level 2 spell: Blink
  5830 | D:5      | Gained mutation: You are vulnerable to heat. (rF-) [potion
                  | of mutation]
  5830 | D:5      | Gained mutation: You have a somewhat thin skeletal
                  | structure. (Dex +2, Stealth+) [potion of mutation]
  6106 | D:5      | HP: 2/71 [wraith (12)]
  6106 | D:5      | Slain by a wraith

Illustrated notes

Levels and vault maps discovered:
D:1:      lightli_molten_gateway, layout_loops_ring, serial_shops, shop,
          st_stairs_7
D:2:      layout_basic, hangedman_decor_push
D:3:      layout_basic, serial_shops, shop_statue,
          dreamdust_ecumenical_altar_grove, kennysheep_generic_room_14,
          uniq_natasha
D:4:      layout_basic
D:5:      cheibrodos_fzero, layout_layer_cave, lemuel_crystal_altar,
          nicolae_fountain_basement

Skill      XL: |  1  2  3  4  5  6  7  8  9 |
---------------+----------------------------+-----
Fighting       | 1 2 3 4 5 6 |  6.5
Ice Magic      | 5 6 7 8 |  8.0
Spellcasting   | 3 4 5 |  5.9
Dodging        | 3 4 6 |  6.7
Stealth        | |  2.1
Translocations | |  0.1

Action                     |  1- 3 |  4- 6 |  7- 9 || total
---------------------------+-------+-------+-------++-------
  Melee: Unarmed           |    16 |       |       ||    16
         Dagger            |    36 |       |       ||    36
         Punch             |     3 |       |     1 ||     4
         Spear             |    45 |   105 |   187 ||   337
   Cast: Freeze            |    24 |       |     1 ||    25
         Frozen Ramparts   |       |     9 |    20 ||    29
         Ozocubu's Armour  |       |     7 |    16 ||    23
    Use: Potion            |       |       |     4 ||     4
         Scroll            |       |       |     1 ||     1
   Stab: Sleeping          |     3 |       |       ||     3
 Armour: Robe              |    16 |    23 |    71 ||   110
  Dodge: Dodged            |    53 |    73 |   159 ||   285
